Unix NetHack Version 3.7.0-89 Work-in-progress - last build Sep 24 2023 11:22:49 (53c758e20ec9f971c2df60ea6fdb70904a508c9c,branch:master). Game began 2023-09-23 14:18:40, ended 2023-09-24 17:51:52. spontiff, neutral male gnomish Healer ---- ------ ------..| |....| |..--.(.--- ----....---- --........[----- |.....|....| |..[.).^)......| |^--------.| --......---.)..| ---@| |.-- |...---- |...----- |.f.| |..| ---....------......---- |.--- --..| |.........--------..|.-- |.| --...----- ... --..........| --....| |.| |..........- --...........| ---|....| |.| |....<....-- |........|...-- --..|--..--|.| |.........| |.......----..---...----..||.| |.........- ---.....| --........| --.|-.| |..........| |..*.-- |.......-- |.|..| |........... ------ |......-- |...-- -........[.... ---....| --).| .......|.--....- |...-- |.-- .......---- ----- ----- --- |......-- --.--.-- -- --- Spontiff the Rhizotomist St:8 Dx:9 Co:16 In:11 Wi:14 Ch:18 Neutral S:150 Dlvl:3 $:1247 HP:22(23) Pw:0(2) AC:1 Xp:1/0 T:2415 Burdened Latest messages: You drop a pair of hard shoes. Your movements are now unencumbered. You see here a hooded cloak. You see here a hooded cloak. You see here a hooded cloak. You have a little trouble lifting a hooded cloak. Continue? [ynq] (q) y You have a little trouble lifting o - a hooded cloak. Your movements are slowed slightly because of your load. What do you want to wear? [o or ?*] o You are now wearing a hooded cloak. What do you want to adjust? [a-zAC-EH-KMOSTW or ?*] o Adjust letter to what [oBFGLNP-RUVX-Z] (? see used letters)? q Swapping: q - a +0 hooded cloak (being worn). You see here a pair of hard shoes. You have a little trouble lifting G - a pair of hard shoes. What do you want to wear? [G or ?*] G The large cat picks up a hooded cloak. You finish your dressing maneuver. What do you want to adjust? [a-zAC-EG-KMOSTW or ?*] G Adjust letter to what [BFGLNP-RUVX-Z] (? see used letters)? v Swapping: v - a +0 pair of hard shoes (being worn). What do you want to adjust? [a-zAC-EG-KMOSTW or ?*] l Adjust letter to what [lBFLNP-RUVX-Z] (? see used letters)? J Swapping: J - a uranium wand. You see here a credit card. In what direction? n You cannot disable that trap. In what direction? h You kick a pair of hard shoes. You see here a dagger. The large cat drops a hooded cloak. Really save? [yn] (n) n You see here 11 rocks. What do you want to use or apply? [fkstwJS or ?*] s In what direction? u You hear nothing special. What do you want to use or apply? [fkstwJS or ?*] s In what direction? k Status of the large cat (neutral, small): Level 9 HP 72(72) AC 4, tame. The large cat picks up a hooded cloak. There are several objects here. Pick an object. You feel your magical energy drain away! The jackal misses! The jackal misses! The jackal misses! You feel your magical energy drain away! The jackal bites! Really quit? [yes|n] (n) yes Do you want your possessions identified? [ynq] (y) q Inventory: Coins $ - 1247 gold pieces Weapons W - an uncursed +0 dart Armor h - a blessed +4 orcish helm (being worn) M - a blessed +1 orcish helm g - an uncursed +1 pair of leather gloves (being worn) v - an uncursed +0 pair of iron shoes (being worn) q - a blessed +0 dwarvish cloak (being worn) Comestibles y - 5 uncursed apples n - 4 uncursed food rations Scrolls p - a blessed scroll of amnesia a - an uncursed scroll of amnesia l - an uncursed scroll of confuse monster H - an uncursed scroll of create monster u - a blessed scroll of destroy armor G - an uncursed scroll of destroy armor z - 2 uncursed scrolls of enchant armor r - an uncursed scroll of enchant weapon O - an uncursed scroll of identify o - an uncursed scroll of light A - a blessed scroll of remove curse E - 2 uncursed scrolls of taming T - an uncursed scroll of teleportation Spellbooks f - a blessed spellbook of healing w - an uncursed spellbook of magic missile t - an uncursed spellbook of wizard lock Potions m - an uncursed potion of extra healing C - 3 uncursed potions of extra healing x - a blessed potion of gain level c - an uncursed potion of healing d - an uncursed potion of object detection D - an uncursed potion of see invisible b - an uncursed potion of water I - 2 uncursed potions of water named UNC Rings e - an uncursed ring of conflict Wands J - an uncursed wand of nothing (0:8) S - an uncursed wand of sleep (0:6) Tools k - an uncursed skeleton key s - an uncursed stethoscope Gems/Stones i - an uncursed worthless piece of black glass K - an uncursed worthless piece of white glass j - an uncursed worthless piece of yellowish brown glass Spontiff the Healer's attributes: Background: You were a Rhizotomist, a level 1 male gnomish Healer. You were neutral, on a mission for Hermes who was opposed by Athena (lawful) and Poseidon (chaotic). You were in the Gnomish Mines, on level 3. You entered the dungeon 2415 turns ago. You had 0 experience points, 20 were needed to attain level 2. Your score was 150 before end-of-game adjustments. Basics: You had 22 out of 23 hit points. You had 0 out of 2 energy points (spell power). Your armor class was 1. Your wallet contained 1247 zorkmids. Autopickup was on for '$!/="?' plus thrown, with exceptions. Final Characteristics: Your strength was 8 (limit:18/50). Your dexterity was 9 (limit:18). Your constitution was 16 (limit:18). Your intelligence was 11 (limit:19). Your wisdom was 14 (limit:18). Your charisma was 18 (limit:18). Final Status: You were not hungry. You were burdened; movement was slightly slowed. You were empty handed. You were unskilled in bare handed combat. Final Attributes: You were devoutly aligned. You were poison resistant. You had infravision. You were warded. You survived. Miscellaneous: You never encountered a bones level. Total elapsed playing time was 2 hours, 34 minutes and 6 seconds. Major events: Turn 1: spontiff the neutral male gnomish Healer entered the dungeon 2050: entered the Gnomish Mines 2415: quit Vanquished creatures: a small mimic 2 water moccasins a shrieker 2 dwarves 2 acid blobs a gas spore 3 hobbits a giant rat a brown mold 4 yellow molds 2 jackals a fox a kobold 7 goblins 7 grid bugs 6 lichens 5 kobold zombies 7 newts 54 creatures vanquished. No species were genocided or became extinct. Voluntary challenges: You never hit with a wielded weapon. You were a pacifist. You read items or engraved 2 times. You never engraved Elbereth. You never genocided any monsters. You never polymorphed an object. You never changed form. You used no wishes. Achievements: You entered a shop. You entered the Gnomish Mines. The Dungeons of Doom: levels 1 to 4 Level 1: A sink. Level 2: "magic trap" A general store, a fountain, a sink. Stairs down to The Gnomish Mines. Level 3: A general store. Level 4: A fountain. The Gnomish Mines: Level 3: <- You were here. Goodbye spontiff the Healer... You quit in The Gnomish Mines on dungeon level 3 with 150 points, and 1247 pieces of gold, after 2415 moves. You were level 1 with a maximum of 23 hit points when you quit.